 Dungeon Crawl Stone Soup version 0.29-a0-393-g47a863cc1b (webtiles) character file.

Game seed: 10066720706065479236

348 NinjaNoafa the Ruffian (level 6, 0/61 HPs)
             Began as a Troll Fighter on May 9, 2022.
             Slain by a mummy (14 damage)
             ... in an ossuary.
             The game lasted 00:03:52 (2195 turns).

NinjaNoafa the Ruffian (Troll Fighter)              Turns: 2195, Time: 00:03:53

Health: 0/61       AC:  4    Str: 25    XL:     6   Next: 33%
Magic:  5/5        EV: 10    Int:  4    God:
Gold:   91         SH:  0    Dex: 17    Spells: 5/5 levels left

rFire   . . .      SeeInvis .     - Unarmed
rCold   . . .      Faith    .   b - +0 kite shield
rNeg    . . .      Spirit   .   a - +0 robe
rPois   .          Reflect  .   (helmet restricted)
rElec   .          Harm     .   (no cloak)
rCorr   .          Rampage  .   (gloves unavailable)
Will    .....                   (boots unavailable)
Stlth   +.........              (no amulet)
HPRegen 1.00/turn               h - ring of willpower
MPRegen 0.09/turn               r - +6 ring of dexterity

@: confused, weak-willed, ambrosia-drunk, flying
A: large, unfitting armour, claws 3, regeneration 1, shaggy fur 1, tough skin 1
a: no special abilities


You were in an ossuary.
You visited 1 branch of the dungeon, and saw 4 of its levels.
You also visited: Ossuary.

You collected 91 gold pieces.

Inventory:

Missiles
 f - 4 poisoned darts (quivered)
Armour
 a - a +0 robe (worn)
 b - a +0 kite shield (worn)
Jewellery
 h - a ring of willpower (left claw)
 r - a +6 ring of dexterity (right claw)
Wands
 l - a wand of acid (16)
Scrolls
 k - a scroll of fear
 o - a scroll of teleportation {unknown}
 p - a scroll of enchant weapon {unknown}
Potions
 m - a potion of invisibility {unknown}
 q - a potion of magic {unknown}


   Skills:
 + Level 3.4 Fighting
 * Level 3.5 Dodging
 + Level 3.3 Shields
 + Level 4.3 Unarmed Combat


You had 5 spell levels left.
You didn't know any spells.
Your spell library contained the following spells:

 Spells                   Type           Power      Damage    Failure   Level
 Ensorcelled Hibernation  Hex/Ice        0%         N/A       90%         2
 Passwall                 Tmut/Erth      0%         N/A       90%         2
 Swiftness                Air            0%         N/A       99%         3


Dungeon Overview and Level Annotations

Branches:
Dungeon (4/15)            Ossuary (1/1)
 Temple: D:4-7

Altars:
Xom


Innate Abilities, Weirdness & Mutations

You are too large for most types of armour.
You have claws for hands.
Your natural rate of healing is unusually fast.
You are covered in fur. (AC +1)
You have tough skin. (AC +1)


Message History

The world spins around you as you enter the gateway.
You enter an ossuary!
Found a gate leading back out of this place.
There is an empty arch of ancient stone here.
There are monsters nearby!
The mummy hits you! x2
You scratch the mummy but do no damage. You claw the mummy!
The mummy is severely damaged.
You block the mummy's attack. x2
You barely miss the mummy.
The mummy is severely damaged.
You block the mummy's attack. The mummy barely misses you. The mummy hits you.
You scratch the mummy.
The mummy is almost destroyed.
As you read the scroll labelled SIARCH NEEFFEI, it crumbles to dust.
It is a scroll of amnesia.
You feel forgetful for a moment. You block the mummy's attack.
The mummy hits you! The mummy hits you but does no damage.
You barely miss the mummy. You block the mummy's attack.
The air fills with toxic fumes!
As you read the scroll labelled VESMIU REXKALU, it crumbles to dust.
It was a scroll of poison.
The mummy hits you! You block the mummy's attack.
The mummy hits you but does no damage.
As you read the scroll labelled GIT QAEJEKK, it crumbles to dust.
It is a scroll of identify.
k - a scroll of fear You can't see any enemies this would affect, really read the scroll of fear?
Okay, then.
As you read the scroll labelled ZISUDOESYTE, it crumbles to dust.
Magic quickly surges around you.
It was a scroll of vulnerability.
You block the mummy's attack. x2; The mummy hits you!
* * * LOW HITPOINT WARNING * * *
It was a potion of flight.
You feel very buoyant.
You fly up into the air.
The mummy completely misses you.
It was a potion of ambrosia.
You are confused.
You feel invigorated. The mummy hits you!
You die...

##+##
#§§§#
#§§§#
#§§§#
#§§§#
##@§§##
#MMM§§#
#§#§#§#
#######


You could see 3 mummies.

Vanquished Creatures
  Grinder (D:3)
  A phantom (D:3)
  4 adders
  2 dart slugs
  2 orcs (D:3)
  4 ball pythons
  3 endoplasms
  A giant cockroach (D:3)
  4 goblins
  4 hobgoblins
  3 quokkas (D:2)
  6 bats
  A frilled lizard (D:2)
  10 kobolds
  5 rats
51 creatures vanquished.

Notes
Turn   | Place    | Note
-------+----------+-------------------------------------------
     0 | D:1      | NinjaNoafa the Troll Fighter began the quest for the Orb.
     0 | D:1      | Reached XP level 1. HP: 22/22 MP: 0/0
   292 | D:1      | Reached XP level 2. HP: 22/29 MP: 1/1
  1039 | D:2      | Reached XP level 3. HP: 36/36 MP: 2/2
  1132 | D:2      | Found a faded altar of an unknown god.
  1276 | D:2      | Reached skill level 3 in Unarmed Combat
  1691 | D:3      | Noticed Grinder
  1702 | D:3      | Killed Grinder
  1703 | D:3      | Reached skill level 4 in Unarmed Combat
  1703 | D:3      | Reached XP level 4. HP: 37/45 MP: 3/3
  1703 | D:3      | Reached XP level 5. HP: 44/53 MP: 4/4
  1775 | D:3      | Found a shimmering altar of Xom.
  1797 | D:3      | Noticed a phantom
  1813 | D:3      | Killed a phantom
  1814 | D:3      | Reached XP level 6. HP: 56/61 MP: 5/5
  2175 | D:4      | Found a sand-covered staircase.
  2181 | Ossuary  | Entered an ossuary
  2195 | Ossuary  | Slain by a mummy

Illustrated notes

Levels and vault maps discovered:
D:1:      beargit_arrival_greenhouse, layout_loops_corners
D:2:      layout_loops_ring, shapermc_ecumenical_altar_totnotflames,
          serial_bayou_pond_d, nrook_campfire
D:3:      layout_rooms, mainiacjoe_overflow_surrounded_room, serial_forest,
          infiniplex_forest_lined_4_way, infiniplex_forest_zigzag_1,
          infiniplex_forest_lined_room_2, infiniplex_forest_corner_1,
          infiniplex_forest_straight_1, infiniplex_forest_lined_3,
          infiniplex_forest_lined_room_, infiniplex_forest_lined_room_,
          uniq_grinder
D:4:      layout_basic, kennysheep_little_box, enter_ossuary_1
Ossuary:  ossuary_minmay_chase

Skill      XL: |  1  2  3 |
---------------+----------+-----
Unarmed Combat | 4 |  4.3
Fighting       | 3 |  3.4
Dodging        | 3 |  3.5
Shields        | 3 |  3.3

Action                   |  1- 3 |  4- 6 || total
-------------------------+-------+-------++-------
Melee: Unarmed           |   127 |    32 ||   159
       Long sword        |     2 |       ||     2
  Use: Potion            |     1 |     2 ||     3
       Scroll            |       |     5 ||     5
 Stab: Sleeping          |     1 |     1 ||     2
Armor: Robe              |    64 |    12 ||    76
Dodge: Dodged            |    46 |    16 ||    62
Block: Kite shield       |    54 |    26 ||    80

Table legend: (Time is in decaauts)
 A = Elapsed time spent in this place.
 B = Non-inter-level travel time spent in this place.
 C = Inter-level travel time spent in this place.
 D = Time resting spent in this place.
 E = Time spent auto-exploring this place.
 F = Levels seen in this place.
 G = Mean time per level.
                   A        B        C        D        E       F      G
               +--------+--------+--------+--------+--------+-----+--------+
         Total |   2206 |   2138 |     68 |      0 |   1581 |   5 |  441.2 |
       Dungeon |   2192 |   2124 |     68 |      0 |   1581 |   4 |  548.0 |
       Ossuary |     13 |     13 |      0 |      0 |      0 |   1 |   13.0 |
               +--------+--------+--------+--------+--------+-----+--------+

Top non-repeatable levels by time:
     D:1: 877 daAuts
     D:2: 720 daAuts
     D:3: 555 daAuts
     D:4: 38 daAuts
 Ossuary: 13 daAuts
